 Dungeon Crawl Stone Soup version 0.29.1-15-g9cfb28693d (webtiles) character file.

Game seed: 16668861324348083389

1510 mobtown the Thaumaturge (level 8, -1/42 HPs)
             Began as a Deep Elf Necromancer on Mar 8, 2023.
             Was a Follower of Yredelemnul.
             Slain by Prince Ribbit (8 damage)
             ... in a bailey.
             The game lasted 00:28:42 (4817 turns).

mobtown the Thaumaturge (Deep Elf Necromancer)      Turns: 4817, Time: 00:28:45

Health: -1/42      AC:  9    Str:  5    XL:     8   Next: 53%
Magic:  22/24      EV: 13    Int: 26    God:    Yredelemnul [*.....]
Gold:   328        SH:  0    Dex: 15    Spells: 24/28 levels left

rFire   . . .      SeeInvis .   x - +1 dagger (speed)
rCold   . . .      Faith    .   (no shield)
rNeg    . . .      Spirit   .   a - +0 robe
rPois   .          Reflect  .   h - +2 helmet {Int+3}
rElec   .          Harm     .   (no cloak)
rCorr   .          Rampage  .   (no gloves)
Will    .....                   (no boots)
Stlth   +.........              (no amulet)
HPRegen 0.14/turn               g - +4 ring of protection
MPRegen 0.19/turn               (no ring)

@: very slow
A: no striking features
a: Renounce Religion, Recall Undead Harvest


You were in a bailey.
You worshipped Yredelemnul.
Yredelemnul was noncommittal.
You visited 1 branch of the dungeon, and saw 6 of its levels.
You also visited: Bailey.

You collected 328 gold pieces.

Inventory:

Hand Weapons
 t - a +1 mace of protection
 x - a +1 dagger of speed (weapon)
Armour
 a - a +0 robe (worn)
 h - a +2 helmet of intelligence (worn)
Magical Staves
 i - a staff of earth
 u - a staff of conjuration
Jewellery
 g - a +4 ring of protection (left hand)
 j - a ring of flight
Scrolls
 d - 2 scrolls of teleportation
 k - 3 scrolls of magic mapping
 o - a scroll of blinking {unknown}
 p - a scroll of immolation {unknown}
 q - 2 scrolls of butterflies
 s - a scroll of poison {unknown}
Potions
 b - a potion of magic
 c - a potion of haste {unknown}
 e - a potion of berserk rage {unknown}
 f - 3 potions of lignification {unknown}
 m - 2 potions of heal wounds {unknown}
 r - a potion of degeneration {unknown}
 v - 2 potions of invisibility {unknown}
 w - 3 potions of curing {unknown}


   Skills:
 + Level 0.5 Fighting
 + Level 1.1 Short Blades
 + Level 1.3 Maces & Flails
 + Level 3.0 Dodging
 + Level 3.6 Stealth
 * Level 10.6 Spellcasting
 + Level 8.8 Necromancy


You had 24 spell levels left.
You knew the following spells:

 Your Spells              Type           Power      Damage    Failure   Level
a - Necrotise             Necr           100%       1d9       1%          1
b - Vampiric Draining     Necr           56%        2d10      1%          3

Your spell library contained the following spells:

 Spells                   Type           Power      Damage    Failure   Level
 Agony                    Necr           56%        N/A       3%          5
 Call Canine Familiar     Summ           13%        N/A       13%         3
 Portal Projectile        Hex/Tloc       26%        N/A       13%         3
 Cause Fear               Hex            6%         N/A       41%         4
 Leda's Liquefaction      Hex/Erth       6%         N/A       41%         4
 Conjure Ball Lightning   Conj/Air       6%         3x3d6     100%        6
 Dragon Form              Tmut           6%         N/A       100%        7
 Discord                  Hex            6%         N/A       100%        8
 Disjunction              Tloc           6%         N/A       100%        8
 Dragon's Call            Summ           6%         N/A       100%        9
 Animate Dead             Necr           Unusable   N/A       N/A         4

Dungeon Overview and Level Annotations

Branches:
Dungeon (5/15)             Bailey (1/1)
 Temple: D:4-7

Altars:
Ashenzari
Elyvilon
Gozag
Hepliaklqana
Qazlal
Trog
Uskayaw
Yredelemnul

Shops:
D:1 (

Annotations:
Bailey Prince Ribbit


Message History

Your bullfrog zombie hits the vault guard.
The vault guard attacks as you move away!
The vault guard misses you.
The vault guard hits your human zombie with a +0 broad axe!
The vault guard barely misses your bullfrog zombie.
Prince Ribbit blinks!
Casting: Necrotise (safe; 1% risk of failure)
Confirm with . or Enter, or press ? or * to list all spells.
Aiming: Necrotise (safe; 1% risk of failure)
Press: ? - help, Shift-Dir - straight line, f/p - Prince Ribbit
Aim: Prince Ribbit (severely wounded, ally target, chance to affect: 70%)
Okay, then.
Your bullfrog zombie barely misses Prince Ribbit.
Prince Ribbit closely misses you.
Casting: Necrotise (safe; 1% risk of failure)
Confirm with . or Enter, or press ? or * to list all spells.
Aiming: Necrotise (safe; 1% risk of failure)
Press: ? - help, Shift-Dir - straight line, f/p - Prince Ribbit
Aim: Prince Ribbit (severely wounded, ally target, chance to affect: 70%) Prince Ribbit writhes in agony.
Your bullfrog zombie closely misses Prince Ribbit.
Prince Ribbit hits you.
The vault guard hits you with a +0 broad axe!!
The vault guard hits your human zombie with a +0 broad axe.
The vault guard hits your bullfrog zombie with a +0 broad axe!
Your bullfrog zombie hits the vault guard.
Your human zombie hits the vault guard but does no damage.
Your bullfrog zombie hits the vault guard but does no damage.
Your bullfrog zombie misses Prince Ribbit.
Your human zombie completely misses Prince Ribbit.
Your bullfrog zombie completely misses the vault guard.
Things that are here:
a +0 hand axe; a +0 leather armour Prince Ribbit attacks as you move away!
Prince Ribbit hits you!
* * * LOW HITPOINT WARNING * * *
You enter the shallow water.
Moving in this stuff is going to be slow.
Prince Ribbit hits you!
You die...
Your body rises from the dead as a mindless zombie.

#.........~~~≈##
.≈≈≈~...~..~~~≈#
+###≈~~~.~.~~~≈#
##≈~..Z.~~~≈#
#≈~.Z..~~~≈#
##≈~...~~~≈#
#≈~p.~~~≈##
#≈F))≈≈~≈#
##≈@.≈##≈##
#≈~..≈####
#≈~..≈#..+
###'###..####+##
#.)...#...##~~~##
#.....#...#~~~~~#
#..####.).#~)~~~#
#....#....#)~~~~#
##......#'#'#~~##


You could see a vault guard (ally target), Prince Ribbit (ally target), a
friendly bullfrog zombie and a friendly human zombie.

Vanquished Creatures
  5 humans (Bailey)
  2 scorpions (D:5)
  A necrophage (D:5)
  A vampire bat (D:4)
  An orc priest (D:4)
  Jessica (D:2)
  An iguana (D:5)
  2 orc wizards
  6 adders
  2 adder zombies (D:4)
  2 dart slugs (D:1)
  3 fire bats (D:4)
  9 orcs
  2 spectral bats (D:4)
  A bat skeleton (D:4)
  A bat zombie (D:4)
  7 endoplasms
  2 giant cockroaches
  3 goblins
  9 hobgoblins
  A quokka (D:1)
  7 ball pythons
  16 bats
  A bat simulacrum (D:4)
  5 frilled lizards
  9 kobolds
  6 rats
106 creatures vanquished.

Vanquished Creatures (collateral kills)
  A phantom (D:5)
  2 bullfrogs (Bailey)
  2 adders (D:5)
  A bat (D:1)
  2 bat skeletons (D:4)
  An endoplasm (D:3)
  A giant cockroach (D:2)
  A ball python (D:3)
  A frilled lizard (D:2)
  2 rats
14 creatures vanquished.

Vanquished Creatures (others)
  2 human zombies (Bailey)
  An orc zombie (D:5)
3 creatures vanquished.

Grand Total: 123 creatures vanquished

Notes
Turn   | Place    | Note
-------+----------+-------------------------------------------
     0 | D:1      | mobtown the Deep Elf Necromancer began the quest for the
                  | Orb.
     0 | D:1      | Reached XP level 1. HP: 10/10 MP: 6/6
   163 | D:1      | Reached skill level 5 in Necromancy
   394 | D:1      | Found Rinich's Weapon Shoppe.
   398 | D:1      | Reached XP level 2. HP: 15/15 MP: 5/8
   727 | D:1      | Found a faded altar of an unknown god.
   854 | D:1      | Reached XP level 3. HP: 19/19 MP: 8/10
  1576 | D:2      | Noticed Jessica
  1580 | D:2      | Killed Jessica
  1581 | D:2      | Reached skill level 4 in Spellcasting
  1581 | D:2      | Reached XP level 4. HP: 24/24 MP: 9/12
  1769 | D:2      | Learned a level 3 spell: Vampiric Draining
  2160 | D:3      | Found a hide-covered altar of Uskayaw.
  2162 | D:3      | Found an opulent altar of Gozag.
  2163 | D:3      | Found a white marble altar of Elyvilon.
  2228 | D:3      | Reached XP level 5. HP: 27/28 MP: 6/13
  2927 | D:4      | Reached skill level 5 in Spellcasting
  3138 | D:4      | Reached skill level 6 in Spellcasting
  3185 | D:4      | Reached XP level 6. HP: 32/32 MP: 17/17
  3559 | D:4      | Found a basalt altar of Yredelemnul.
  3567 | D:4      | Became a worshipper of Yredelemnul the Dark
  3799 | D:4      | Found a hazy altar of Hepliaklqana.
  3931 | D:5      | Entered Level 5 of the Dungeon
  3931 | D:5      | Found a bloodstained altar of Trog.
  3944 | D:5      | Reached skill level 7 in Spellcasting
  4017 | D:5      | Reached XP level 7. HP: 29/36 MP: 20/20
  4080 | D:5      | Found a broken altar of Ashenzari.
  4196 | D:5      | Reached skill level 1 in Maces & Flails
  4233 | D:5      | Reached skill level 8 in Spellcasting
  4283 | D:5      | Reached * piety under Yredelemnul
  4285 | D:5      | Found a stormy altar of Qazlal.
  4309 | D:5      | You fall into a shaft and drop 2 floors!
  4309 | D:7      | Found a flagged portal.
  4313 | Bailey   | Entered a bailey
  4322 | Bailey   | Noticed a human
  4322 | Bailey   | Noticed a human
  4328 | Bailey   | Noticed a human
  4330 | Bailey   | Killed a human
  4341 | Bailey   | Killed a human
  4342 | Bailey   | Reached skill level 9 in Spellcasting
  4348 | Bailey   | Killed a human
  4349 | Bailey   | Reached skill level 1 in Short Blades
  4349 | Bailey   | Reached XP level 8. HP: 15/42 MP: 2/23
  4564 | Bailey   | Reached skill level 10 in Spellcasting
  4644 | Bailey   | Reached ** piety under Yredelemnul
  4801 | Bailey   | Noticed a vault guard
  4801 | Bailey   | Noticed Prince Ribbit
  4817 | Bailey   | Slain by Prince Ribbit

Illustrated notes

Levels and vault maps discovered:
D:1:      spicycebolla_arrival_xxxplode, layout_basic,
          ebering_ecumenical_altar_ruins, serial_shops, shop, minmay_ruptured
D:2:      wad_pebble_path, layout_basic, mrwooster_statue_mirror,
          minmay_misc_feat_doors, uniq_jessica
D:3:      layout_loops_ring, grunt_temple_overflow_open
D:4:      layout_basic, kennysheep_little_box, lemuel_zombie_altar_yredelemnul,
          minivault_4, goddamned_bats
D:5:      layout_basic, amcnicky_altar_gilded, nicolae_vehumet_altar_sigil,
          nicolae_qazlal_eye_of_the_storm, lemuel_crystal_altar
D:7:      layout_basic, overflow_temple_1_default, kennysheep_mini,
          nicolae_overflow_hidden_temple, minmay_temple_entry_statues_pillars,
          nicolae_ossuary_entry_plus, serial_shops, nicolae_stop_n_shop_1,
          enter_bailey_2
Bailey:   bailey_axe_froggy_fort_hellmonk, bailey

Skill      XL: |  1  2  3  4  5  6  7  8 |
---------------+-------------------------+-----
Necromancy     | 5 6 7 8 |  8.8
Spellcasting   | 4 6 7 9 10 | 10.6
Stealth        | 3 |  3.6
Maces & Flails | 1 |  1.3
Dodging        | 3 |  3.0
Short Blades   | 1 |  1.1
Fighting       | |  0.5

Action                   |  1- 3 |  4- 6 |  7- 9 || total
-------------------------+-------+-------+-------++-------
Melee: Mace              |       |    45 |     8 ||    53
       Dagger            |       |       |    13 ||    13
 Cast: Necrotise         |    57 |    95 |    60 ||   212
  Use: Scroll            |       |     2 |     3 ||     5
 Stab: Sleeping          |       |     1 |       ||     1
Armor: Robe              |     5 |    72 |    18 ||    95
Dodge: Dodged            |     3 |    88 |    28 ||   119
